 Dungeon Crawl Stone Soup version 0.28-a0-1152-g9c71ebef14 (webtiles) character file.

Game seed: 16319901009373999421

24665 spaghetti the Warrior (level 12, -13/111 HPs)
             Began as a Demonspawn Delver on Dec 14, 2021.
             Was an Initiate of Gozag.
             Killed from afar by a ynoxinul (20 damage)
             ... with an iron shot
             ... on level 2 of the Abyss.
             The game lasted 00:24:18 (15232 turns).

spaghetti the Warrior (Demonspawn Delver)          Turns: 15232, Time: 00:24:19

Health: -13/111    AC:  8    Str: 19    XL:     12   Next: 82%
Magic:  12/12      EV: 16    Int: 15    God:    Gozag
Gold:   350        SH:  0    Dex: 26    Spells: 11/11 levels left

rFire   . . .      SeeInvis .   u - +6 quarterstaff "Imynicum" {vorpal, Dex+6, staff}
rCold   . . .      Faith    .   (shield currently unavailable)
rNeg    . . .      Spirit   .   b - +0 leather armour
rPois   +          Reflect  .   (helmet restricted)
rElec   +          Harm     .   x - +1 cloak
rCorr   .          Rampage  .   t - +0 pair of gloves
Will    .....                   (no boots)
Stlth   +++.......              n - amulet of magic regeneration {@e2}
HPRegen 0.28/turn               R - +4 ring of evasion
MPRegen 0.53/turn               J - +6 ring of dexterity

@: hasted (expiring), unable to read, very quick
A: horns 1, thin metallic scales 3, demonic guardian 2, spiny 2, clever 1,
poison resistance, strong 1, noise suppression, [deformed body], [deterioration
2], [subdued magic 2], [inability to read while threatened]
a: Renounce Religion, Potion Petition, Call Merchant, Bribe Branch


You were on level 2 of the Abyss.
You worshipped Gozag.
Gozag was aware of your devotion.
You visited 1 branch of the dungeon, and saw 11 of its levels.
You visited the Abyss 1 time.

You collected 1286 gold pieces.
You paid 936 gold pieces to Gozag.


Innate Abilities, Weirdness & Mutations

You have a pair of small horns on your head.
You are completely covered in thin metallic scales. (AC +4, rElec)
A demonic guardian rushes to your aid.
You are mostly covered in sharp spines.
Your mind is acute. (Int +2)
Your system is resistant to poisons. (rPois)
Your muscles are strong. (Str +2)
You passively dampen the noise of your surroundings.
[Armour fits poorly on your strangely shaped body.]
[Your body often deteriorates upon taking damage.]
[Your spells are easier to cast, but less powerful.]
[You sometimes lose the ability to read scrolls when taking damage.]


   Skills:
 + Level 15.7 Fighting
 - Level 1.7 Long Blades
 - Level 14.0 Staves
 - Level 1.7 Dodging
 - Level 4.5 Stealth


You had 11 spell levels left.
You didn't know any spells.
Your spell library contained the following spells:

 Spells                   Type           Power      Damage    Failure   Level
 Magic Dart               Conj           0%         1d3       24%         1
 Passwall                 Tmut/Erth      0%         N/A       34%         2
 Swiftness                Air            0%         N/A       58%         3
 Summon Forest            Summ/Tloc      0%         N/A       100%        5
 Summon Mana Viper        Hex/Summ       0%         N/A       100%        5
 Summon Cactus Giant      Summ           0%         N/A       100%        6

Inventory:

Hand Weapons
 a - a +0 falchion {long}
 h - a +2 quarterstaff of venom {staff}
   (You found it on level 5 of the Dungeon)
 u - the +6 quarterstaff "Imynicum" (weapon) {vorpal, Dex+6, staff}
   (You found it on level 7 of the Dungeon)

   It inflicts extra damage upon your enemies.
   Dex:       It affects your dexterity (+6).
 Q - a +0 shortbow {bow}
   (You found it on level 13 of the Dungeon)
Missiles
 i - 3 silver boomerangs {throwing}
 j - 22 poisoned darts (quivered) {throwing}
 k - 347 stones {throwing}
 l - 248 arrows
 m - a curare-tipped dart {=fthrowing}
 r - 46 sling bullets
 w - 10 boomerangs {throwing}
 y - 33 bolts
 I - 5 javelins {throwing}
Armour
 b - a +0 leather armour (worn)
 t - a +0 pair of gloves (worn)
   (You found it on level 7 of the Dungeon)
 v - a +0 robe of cold resistance
   (You took it off an orc wizard on level 7 of the Dungeon)
 x - a +1 cloak (worn)
   (You took it off Maurice on level 12 of the Dungeon)
 D - a +2 robe of cold resistance
   (You took it off Fannar on level 10 of the Dungeon)
 P - a +0 robe of positive energy
   (You found it on level 13 of the Dungeon)
Magical Staves
 C - a staff of cold {!astaff}
   (You took it off Fannar on level 10 of the Dungeon)
Jewellery
 n - an amulet of magic regeneration (around neck) {@e2}
   (You found it on level 6 of the Dungeon)
 p - a ring of protection from fire
   (You found it on level 6 of the Dungeon)
 z - a ring of wizardry
   (You found it on level 9 of the Dungeon)
 J - a +6 ring of dexterity (right hand)
   (You found it on level 11 of the Dungeon)
 K - a ring of willpower
   (You found it on level 11 of the Dungeon)
 N - a ring of wizardry
   (You found it on level 12 of the Dungeon)
 O - a ring of see invisible
   (You found it on level 13 of the Dungeon)
 R - a +4 ring of evasion (left hand)
   (You found it on level 13 of the Dungeon)
Wands
 g - a wand of digging (4)
 q - a wand of polymorph (16)
   (You took it off Ijyb on level 5 of the Dungeon)
 A - a wand of charming (4)
   (You took it off Psyche on level 10 of the Dungeon)
Scrolls
 c - a scroll of enchant armour
 d - 2 scrolls of magic mapping {!r}
 o - 13 scrolls of identify {@r1}
Potions
 s - a potion of degeneration {!q@e2}
 E - 4 potions of attraction {!q}
 H - 2 potions of brilliance
Miscellaneous
 L - a phantom mirror (inert)
   (You found it on level 9 of the Dungeon)

Dungeon Overview and Level Annotations

Branches:
Dungeon (15/15)              Lair (0/6) D:9             Orc (0/2) D:9
 Vaults (0/5) D:14
 Temple: D:4-7       Depths: D:15

Altars:
Ashenzari
Cheibriados
Gozag
Kikubaaqudgha
Okawaru
Qazlal
Ru
Sif Muna
Vehumet
Yredelemnul
Zin

Shops:
D:7 =

Annotations:
D:14 Josephine, Louise

# .##.#.#
###..## # ##.#.
#..### ##
###.## .. ##.##
#.###..#
♣..5.5##
♣≈#3@.#
≈≈≈≈≈≈X.≈≈#
........≈≈≈#
≈X.≈≈≈.≈#≈≈♣
≈≈≈≈≈≈.≈≈≈≈≈≈
≈≈≈≈≈≈.≈≈≈≈≈≈♣
♣♣♣≈≈≈.≈≈≈≈≈≈≈≈
♣♣≈≈.≈≈≈≈≈≈≈≈


You could see 2 large abominations, a ynoxinul and 2 ufetubi.


Message History

You take 2 damage, and now have 52/111 hp.
Unknown command.
You are covered in liquid flames!
* * * LOW HITPOINT WARNING * * *
😨 HP[-5]
You take 5 damage, and now have 47/111 hp.
Okay, then.
You cannot read scrolls in your current state!
Unknown command.
Unknown command.
Okay, then.
You are covered in liquid flames!
* * * LOW HITPOINT WARNING * * *
The smoke demon gestures at you. The ball of steam hits you!!
* * * LOW HITPOINT WARNING * * *
😱 HP[-24]
You take 24 damage, and now have 23/111 hp.
MASSIVE DAMAGE!! (PAUSE) Unknown command.
You are covered in liquid flames!
* * * LOW HITPOINT WARNING * * *
A demonic guardian appears! 😱 HP[-8]
You take 8 damage, and now have 15/111 hp.
Okay, then.
Unknown command.
You cannot read scrolls in your current state!
Unknown command.
Unknown command.
You feel yourself speed up.
You now have 350 gold pieces (gained 9).
Your orange demon barely misses the smoke demon. 😱 HP[+1]
You see here 23 gold pieces. 😱 HP[+1]
Your orange demon barely misses the smoke demon.
You cannot read scrolls in your current state!
Unknown command.
Unknown command.
A small abomination comes into view.
Okay, then.
You cannot read scrolls in your current state!
Unknown command.
Okay, then.
Okay, then.
Unknown command.
Aiming: Dig
Press: ? - help, Shift-Dir - straight line A rock wall.
The rock shatters into small pieces. 😱 HP[+1]
A fire bat comes into view.
A balrug comes into view. It is wielding a +0 demon whip of pain.
The starcursed mass shrieks in your mind.
* * * LOW HITPOINT WARNING * * *
😱 HP[-3]
You take 3 damage, and now have 15/111 hp.
The balrug shouts!
A starcursed mass splits. 😱 HP[+1]
Okay, then.
The smoke demon gestures at you. The ball of steam hits you!
* * * LOW HITPOINT WARNING * * *
A demonic guardian appears! 😱 HP[-13]
You take 13 damage, and now have 3/111 hp.
A water elemental comes into view. 😱 HP[+1] 😱 HP[+1]
E - 4 potions of attraction {!q} (gained 1) 😱 HP[+1]
Aiming: Dig
Press: ? - help, Shift-Dir - straight line A rock wall.
The rock shatters into small pieces.
A large abomination comes into view.
A ynoxinul comes into view.
Okay, then.
You cannot read scrolls in your current state!
Unknown command.
Unknown command.
Okay, then.
You can read scrolls again.
The ynoxinul gestures.
You sock the ynoxinul!
You headbutt the ynoxinul, but do no damage.
The ynoxinul is struck by your spines.
The ynoxinul hits you but does no damage.
A large abomination comes into view.
Your extra speed is starting to run out.
The ufetubus closely misses you. x2 😱 HP[+1]
You hit the ynoxinul. You headbutt the ynoxinul. The ufetubus misses you.
The ufetubus hits you but does no damage.
The ynoxinul gestures at you. The iron shot hits you!!
You feel threatened and lose the ability to read scrolls!
You die...
Your body crumbles into a pile of gold.

Skill      XL: |  1  2  3  4  5  6  7  8  9 10 11 12 |
---------------+-------------------------------------+-----
Fighting       | 4 5 6 7 9 10 12 14 15 | 15.7
Staves         | 1 2 3 4 5 7 9 10 12 14 | 14.0
Long Blades    | |  1.7
Dodging        | |  1.7
Stealth        | |  4.5

Action                   |  1- 3 |  4- 6 |  7- 9 | 10-12 || total
-------------------------+-------+-------+-------+-------++-------
Melee: Falchion          |     6 |       |       |       ||     6
       Quarterstaff      |    11 |    27 |   123 |   325 ||   486
       Headbutt          |       |     8 |    31 |   106 ||   145
       Unarmed           |       |       |       |     3 ||     3
Throw: Dart              |       |     3 |    11 |    17 ||    31
Invok: Potion Petition   |       |       |       |     1 ||     1
Evoke: Wand              |       |       |    11 |    19 ||    30
       Phantom mirror    |       |       |       |     2 ||     2
  Use: Scroll            |     2 |     1 |     3 |    11 ||    17
       Potion            |       |       |     3 |     9 ||    12
 Stab: Distracted        |       |     1 |       |     2 ||     3
       Sleeping          |       |       |     5 |     8 ||    13
       Paralysed         |       |       |       |     1 ||     1
Armor: Leather armour    |     9 |    12 |    26 |    87 ||   134
Dodge: Dodged            |     9 |    13 |    54 |   155 ||   231

Levels and vault maps discovered:
D:5:      layout_rooms, mainiacjoe_overflow_brackets, chequers_jeans,
          uniq_crazy_yiuf_cottage, uniq_eustachio, uniq_ijyb, uniq_menkaure
D:6:      layout_gridville, kennysheep_mini_moat, grunt_ministairs_3,
          uniq_blork_the_orc
D:7:      layout_loops_cross, serial_shops, shop
D:8:      layout_basic, lemuel_tele_altar, dk_rats_in_the_wall
D:9:      layout_loops_ring, due_lair_maze_entry_diamond, david_orc_2,
          minmay_increasing_density
D:10:     layout_loops_ring, grunt_temple_overflow_magic_moments,
          mainiacjoe_overflow_concentric_impassable, minitemple, serial_bayou,
          serial_bayou_pond_a, serial_bayou_pond_d, serial_bayou_shore_b,
          serial_bayou_lagoon_b, grunt_potential, uniq_psyche, uniq_urug,
          uniq_fannar
D:11:     layout_long_grid, serial_shops, kennysheep_little_box
D:12:     layout_gridville, billiards_dpeg, uniq_maurice
D:13:     layout_basic, minmay_mirror_moons_of_madness
D:14:     gammafunk_beogh_shrine, layout_gridville,
          lightli_vaults_fourway_checkpoint, chequers_serial_rivers_small_a,
          serial_shops, nicolae_shop_window_shopping, enter_bailey_8,
          uniq_josephine, uniq_jorgrun, uniq_louise, uniq_rupert
D:15:     grunt_enter_depths_hoard, layout_cave_pools, tso_altar,
          minmay_variable_closet, hangedman_decor_slide_cut
Abyss:2:  base: D:10, evilmike_abyss_exit_3, hangedman_abyss_theft,
          hangedman_abyss_mock_shop

Notes
Turn   | Place    | Note
-------+----------+-------------------------------------------
     0 | D:5      | spaghetti the Demonspawn Delver began the quest for the
                  | Orb.
     0 | D:5      | Reached XP level 1. HP: 18/18 MP: 1/1
     0 | D:5      | magus.rc [v1.9.6]
    29 | D:5      | Noticed a hound
    37 | D:5      | Killed a hound
    38 | D:5      | Reached skill level 4 in Fighting
    38 | D:5      | Gained mutation: You are partially covered in thin metallic
                  | scales. (AC +2) [demonic ancestry]
    38 | D:5      | Reached XP level 2. HP: 19/25 MP: 2/2
    38 | D:5      | Reached XP level 3. HP: 23/30 MP: 3/3
   128 | D:5      | Found a stormy altar of Qazlal.
   129 | D:5      | Noticed Eustachio
   302 | D:6      | Noticed a kobold brigand
   312 | D:6      | HP: 4/31 [kobold brigand (9)]
   313 | D:6      | Killed a kobold brigand
   314 | D:6      | Reached skill level 1 in Staves
   314 | D:6      | Gained mutation: A weak demonic guardian rushes to your
                  | aid. [demonic ancestry]
   314 | D:6      | Reached XP level 4. HP: 5/38 MP: 4/4
   606 | D:6      | Reached skill level 2 in Staves
   610 | D:6      | Reached skill level 5 in Fighting
   610 | D:6      | Gained mutation: You have a pair of small horns on your
                  | head. [demonic ancestry]
   610 | D:6      | Reached XP level 5. HP: 43/44 MP: 5/5
   634 | D:6      | Noticed a sky beast
   643 | D:6      | Killed a sky beast
   644 | D:6      | Reached skill level 3 in Staves
   654 | D:6      | Reached XP level 6. HP: 17/52 MP: 6/6
   654 | D:6      | HP: 13/52 [shadow imp (2)]
   673 | D:6      | HP: 8/52 [shadow imp/nerve-wracking pain (5)]
  1166 | D:6      | Reached skill level 6 in Fighting
  1168 | D:6      | Reached skill level 4 in Staves
  1346 | D:5      | Gained mutation: You are partially covered in sharp spines.
                  | [demonic ancestry]
  1346 | D:5      | Reached XP level 7. HP: 52/59 MP: 7/7
  1451 | D:5      | Noticed Menkaure
  1733 | D:6      | Gained mutation: You passively dampen the noise of your
                  | surroundings. [potion of mutation]
  1733 | D:6      | Gained mutation: Your system is resistant to poisons.
                  | (rPois) [potion of mutation]
  1733 | D:6      | Gained mutation: Your mind is acute. (Int +2) [potion of
                  | mutation]
  1733 | D:6      | Gained mutation: Your muscles are strong. (Str +2) [potion
                  | of mutation]
  1741 | D:6      | Reached skill level 7 in Fighting
  1741 | D:6      | Reached skill level 5 in Staves
  1935 | D:6      | You pick up a book of Burglary and begin reading...
  1935 | D:6      | You add the spells Passwall and Swiftness to your library.
  2055 | D:6      | Found a broken altar of Ashenzari.
  2080 | D:6      | Noticed Blork the orc
  2102 | D:6      | Killed Blork the orc
  2361 | D:6      | Gained mutation: A demonic guardian rushes to your aid.
                  | [demonic ancestry]
  2361 | D:6      | Reached XP level 8. HP: 63/67 MP: 8/8
  2439 | D:5      | Killed Menkaure
  2467 | D:5      | Killed Eustachio
  2468 | D:5      | Reached skill level 8 in Fighting
  2468 | D:5      | Reached skill level 6 in Staves
  2483 | D:5      | Noticed Ijyb
  2489 | D:5      | Killed Ijyb
  2771 | D:7      | HP: 17/68 [centaur (1)]
  3207 | D:7      | Found Keuggis's Jewellery Shoppe.
  3275 | D:7      | Reached skill level 9 in Fighting
  3275 | D:7      | Reached skill level 7 in Staves
  3291 | D:7      | HP: 15/71 [yak (14)]
  3303 | D:7      | Gained mutation: You are mostly covered in thin metallic
                  | scales. (AC +3) [demonic ancestry]
  3303 | D:7      | Reached XP level 9. HP: 17/76 MP: 9/9
  3677 | D:7      | Identified the +6 quarterstaff "Imynicum" {vorpal, Dex+6}
  4304 | D:9      | Reached skill level 8 in Staves
  4539 | D:9      | Reached skill level 10 in Fighting
  4591 | D:9      | Found a staircase to the Orcish Mines.
  4854 | D:9      | Reached skill level 9 in Staves
  4976 | D:9      | Found a staircase to the Lair.
  4986 | D:9      | Reached XP level 10. HP: 61/86 MP: 10/10
  5215 | D:9      | Reached skill level 11 in Fighting
  5680 | D:9      | Noticed a two-headed ogre
  5690 | D:9      | HP: 22/88 [two-headed ogre (23)]
  5691 | D:9      | Killed a two-headed ogre
  6273 | D:10     | Entered Level 10 of the Dungeon
  6280 | D:10     | Noticed Psyche
  6289 | D:10     | Killed Psyche
  6290 | D:10     | Reached skill level 10 in Staves
  6413 | D:10     | Found a radiant altar of Vehumet.
  6474 | D:10     | Noticed a two-headed ogre
  6474 | D:10     | Noticed a two-headed ogre
  6480 | D:10     | HP: 9/89 [two-headed ogre (25)]
  6483 | D:10     | Killed a two-headed ogre
  6484 | D:10     | Reached skill level 12 in Fighting
  6494 | D:10     | HP: 11/89 [something (2)]
  6503 | D:10     | Found an ancient bone altar of Kikubaaqudgha.
  6904 | D:10     | Found a shimmering blue altar of Sif Muna.
  6911 | D:10     | Got Vehumet's Compendium of Attacks
  7156 | D:10     | Gained mutation: You are mostly covered in sharp spines.
                  | [demonic ancestry]
  7156 | D:10     | Reached XP level 11. HP: 82/96 MP: 11/11
  7167 | D:10     | Noticed Fannar
  7180 | D:10     | Reached skill level 11 in Staves
  7231 | D:10     | HP: 7/96 [two-headed ogre (19)]
  7235 | D:10     | Killed a two-headed ogre
  7613 | D:10     | Killed Fannar
  7614 | D:10     | Reached skill level 13 in Fighting
  8031 | D:10     | Found a snail-covered altar of Cheibriados.
  8031 | D:10     | Found a sacrificial altar of Ru.
  8035 | D:10     | Found an iron altar of Okawaru.
  8037 | D:10     | Found an opulent altar of Gozag.
  8040 | D:10     | Became a worshipper of Gozag Ym Sagoz the Greedy
  8116 | D:10     | Found a basalt altar of Yredelemnul.
  8140 | D:10     | Noticed Urug
  8151 | D:10     | HP: 16/98 [Urug (11)]
  8153 | D:10     | HP: 3/98 [Urug (13)]
  8154 | D:10     | Killed Urug
  9149 | D:10     | Noticed a two-headed ogre
  9154 | D:10     | Killed a two-headed ogre
 10039 | D:11     | You pick up a book of the Wilderness and begin reading...
 10039 | D:11     | You add the spells Summon Forest, Summon Mana Viper and
                  | Summon Cactus Giant to your library.
 10258 | D:11     | You fall into a shaft and drop 2 floors!
 10278 | D:14     | Noticed Josephine
 10313 | D:12     | Noticed a six-headed hydra
 10448 | D:12     | Reached skill level 12 in Staves
 10649 | D:12     | Noticed Maurice
 10660 | D:12     | Killed Maurice
 10993 | D:12     | Reached skill level 14 in Fighting
 11604 | D:12     | Killed a six-headed hydra
 11605 | D:12     | Gained mutation: You are completely covered in thin
                  | metallic scales. (AC +4, rElec) [demonic ancestry]
 11605 | D:12     | Reached XP level 12. HP: 62/107 MP: 12/12
 12693 | D:13     | Reached skill level 13 in Staves
 13083 | D:13     | Noticed a centaur warrior
 13300 | D:13     | Killed a centaur warrior
 13304 | D:13     | Reached skill level 15 in Fighting
 13932 | D:14     | Found a gate to the Vaults.
 13932 | D:14     | Noticed a vault guard
 13932 | D:14     | Noticed a vault guard
 13932 | D:14     | Noticed a vault guard
 13932 | D:14     | Noticed a vault guard
 13942 | D:14     | HP: 22/109 [manticore/volley of spikes (12)]
 13950 | D:14     | HP: 26/109 [freezing wraith (7)]
 13959 | D:14     | Noticed a centaur warrior
 14344 | D:14     | Noticed Louise
 14378 | D:13     | Killed a vault guard
 14788 | D:14     | Killed a vault guard
 14802 | D:15     | Entered Level 15 of the Dungeon
 14812 | D:14     | Noticed a centaur warrior
 14817 | D:14     | HP: 20/107 [Louise/bolt of lightning (8)]
 14821 | D:14     | You are cast into the Abyss!
 14821 | D:14     | Cast into level 2 of the Abyss (Louise)
 14842 | Abyss:2  | Noticed a starcursed mass
 14843 | Abyss:2  | Found a corrupted altar of Lugonu.
 15132 | Abyss:2  | Noticed a naga warrior
 15132 | Abyss:2  | Noticed a naga warrior
 15173 | Abyss:2  | Reached skill level 14 in Staves
 15178 | Abyss:2  | HP: 23/111 [smoke demon/ball of steam (20)]
 15196 | Abyss:2  | Noticed a starcursed mass
 15198 | Abyss:2  | Noticed a balrug
 15198 | Abyss:2  | HP: 15/111 [starcursed mass/accursed screaming (4)]
 15209 | Abyss:2  | HP: 3/111 [something/ball of steam (14)]
 15232 | Abyss:2  | Killed from afar by a ynoxinul

Vanquished Creatures
  A vault guard (D:13)
  A hydra (D:12)
  A centaur warrior (D:13)
  2 two-headed ogres
  Urug (D:10)
  2 wretched stars (Abyss:2)
  A deep elf pyromancer (D:12)
  An ugly thing (D:13)
  A deep elf zephyrmancer (D:12)
  3 cyclopes
  3 manticores (D:12)
  A worldbinder (Abyss:2)
  A guardian serpent (shapeshifter) (D:13)
  Maurice (D:12)
  2 unseen horrors
  A freezing wraith (D:14)
  Psyche (D:10)
  A kobold demonologist (D:14)
  3 trolls
  A meliai (D:14)
  A hornet (D:9)
  5 slime creatures
  2 centaur simulacra
  3 shadows
  A spriggan (shapeshifter) (D:13)
  7 yaks
  Eustachio (D:5)
  2 wyverns
  5 wraiths
  2 steam dragons (D:9)
  A vampire mosquito (D:13)
  2 small abominations (Abyss:2)
  Menkaure (D:5)
  5 water moccasins (D:9)
  3 acid dragons
  A sky beast (D:6)
  2 black bears (D:9)
  5 orc warriors
  An ice beast (D:7)
  3 ogres
  5 centaurs
  2 kobold brigands
  Blork the orc (D:6)
  5 bullfrogs
  4 scorpions
  A wyvern skeleton (D:7)
  15 killer bees
  2 wights (D:9)
  6 electric eels (D:10)
  A howler monkey (D:6)
  A jelly (D:6)
  2 bullfrog zombies (D:6)
  4 orc priests
  3 hounds
  A gnoll shaman (D:10)
  2 iguanas
  Ijyb (D:5)
  10 orc wizards
  A howler monkey zombie (D:6)
  3 gnolls (D:10)
  A howler monkey skeleton (D:7)
  An adder (D:5)
  2 white imps (D:6)
  26 orcs
  4 kobolds
186 creatures vanquished.

Vanquished Creatures (collateral kills)
  A vault guard (D:14)
  Fannar (D:10)
  2 two-headed ogres (D:10)
  A manticore (D:14)
  3 slime creatures
  2 yaks
  2 wraiths (D:14)
  An orc wizard (D:9)
  A shadow imp (D:6)
  3 orcs
17 creatures vanquished.

Vanquished Creatures (others)
  An orc (D:10)
  47 fungi (D:9)
  64 plants
112 creatures vanquished.

Grand Total: 315 creatures vanquished

Table legend:
 A = Non-vault XP
 B = Vault XP
 C = Vault XP percentage of total XP
 D = Non-vault monster count
 E = Vault monster count
 F = Vault count percentage of total count
                 A         B        C        D         E       F
            +---------+---------+-------+---------+---------+-------
      Total |   16512 |   18724 |  53.1 |     125 |      78 |  38.4
            +---------+---------+-------+---------+---------+-------
        D:5 |     460 |     407 |  46.9 |      12 |       3 |  20.0
        D:6 |     848 |     269 |  24.1 |      21 |       3 |  12.5
        D:7 |    1373 |       0 |   0.0 |      15 |       0 |   0.0
        D:8 |      79 |       0 |   0.0 |       2 |       0 |   0.0
        D:9 |    1904 |    2552 |  57.3 |      21 |      23 |  52.3
       D:10 |    1765 |    6360 |  78.3 |      19 |      27 |  58.7
       D:11 |    1403 |       0 |   0.0 |       9 |       0 |   0.0
       D:12 |    3445 |    2428 |  41.3 |      11 |       4 |  26.7
       D:13 |    2958 |    3244 |  52.3 |      10 |       8 |  44.4
       D:14 |       0 |    3464 | 100.0 |       0 |      10 | 100.0
    Abyss:2 |    2277 |       0 |   0.0 |       5 |       0 |   0.0
            +---------+---------+-------+---------+---------+-------

Illustrated notes

Table legend:
 A = Kills in this place as a percentage of kills in entire the game.
 B = Kills by you in this place as a percentage of kills by you in the entire game.
 C = Kills by friends in this place as a percentage of kills by friends in the entire game.
 D = Other kills in this place as a percentage of other kills in the entire game.
 E = Experience gained in this place as a percentage of experience gained in the entire game.
 F = Experience gained in this place divided by the number of levels of this place that you have seen.
                   A       B       C       D       E      F
               +-------+-------+-------+-------+-------+----------------------
         Total | 100.0 | 100.0 | 100.0 |   N/A | 100.0 | 2936.3
       Dungeon |  97.5 |  97.3 | 100.0 |   N/A |  93.5 | 2996.3
         Abyss |   2.5 |   2.7 |   0.0 |   N/A |   6.5 | 2277.0
               +-------+-------+-------+-------+-------+----------------------

Table legend: (Time is in decaauts)
 A = Elapsed time spent in this place.
 B = Non-inter-level travel time spent in this place.
 C = Inter-level travel time spent in this place.
 D = Time resting spent in this place.
 E = Time spent auto-exploring this place.
 F = Levels seen in this place.
 G = Mean time per level.
                   A        B        C        D        E       F      G
               +--------+--------+--------+--------+--------+-----+--------+
         Total |  15160 |  14848 |    312 |   6302 |   6701 |  12 | 1263.3 |
       Dungeon |  14775 |  14463 |    312 |   6080 |   6657 |  11 | 1343.2 |
         Abyss |    385 |    385 |      0 |    221 |     44 |   1 |  385.0 |
               +--------+--------+--------+--------+--------+-----+--------+

Top non-repeatable levels by time:
    D:10: 2800 daAuts
    D:13: 2306 daAuts
     D:6: 2008 daAuts
     D:9: 1993 daAuts
    D:12: 1972 daAuts
     D:7: 1517 daAuts
    D:11: 1184 daAuts
     D:5: 711 daAuts
 Abyss:2: 385 daAuts
    D:14: 245 daAuts
     D:8: 35 daAuts
    D:15: 1 daAuts
